Map: Deathaura LE

Players

Neeb

  • Race: Protoss Protoss
  • Spawn Location: 5:00

LiquidTLO (TLO) - Winner!

  • Race: Zerg Zerg
  • League: Master
  • Spawn Location: 11:00

Event: DreamHack SC2 Masters 2020 Summer North America

VOD

https://youtu.be/eSJewGfMenY

Description

Time

  • Played on: July 3, 2020, 3:44 p.m.
  • Length: 19:05

All games in this series

Show
View Real Time Build Order
Export as new Build Order

Neeb Protoss 

Build Orders: 1 Gate Expand, Oracle Opening, Phoenix Opening, Mass Phoenix 

Get SALT Encoding   

  12  0:00  Probe  
  13  0:12  Probe  
  14  0:19  Pylon  
  14  0:24  Probe  
  15  0:33  Probe  
  15  0:41  Probe  
  16  0:43  Gateway  
  17  0:50  Assimilator  
  17  0:51  Probe  
  18  1:03  Probe  
  19  1:15  Probe  
  20  1:26  Nexus  
  20  1:35  Cybernetics Core  
  20  1:39  Probe  
  21  1:44  Assimilator  
  21  1:51  Probe  
  22  1:54  Pylon  
  22  2:00  Probe  
  22  2:02  Adept  
  23  2:08  Probe  
  26  2:19  Probe  
  27  2:24  Adept, Stargate  
  27  2:31  Probe  
  30  2:38  Probe  
  30  2:43  Probe  
  32  2:48  Gateway  
  32  2:49  Warp Gate  
  32  2:50  Probe  
  33  2:55  Probe  
  33  2:57  Adept  
  36  3:02  Oracle  
  36  3:03  Probe  
  37  3:08  Probe  
  41  3:16  Probe  
  42  3:20  Probe, Pylon  
  43  3:28  Probe  
  43  3:30  Assimilator  
  43  3:32  Assimilator  
  43  3:33  Phoenix  
  45  3:34  Probe  
  45  3:40  Probe  
  46  3:46  Probe  
  47  3:52  Probe  
  48  3:57  Stargate  
  48  3:58  Probe  
  48  3:59  Pylon  
  49  4:04  Probe  
  49  4:05  Phoenix  
  52  4:10  Probe  
  52  4:16  Probe  
  54  4:20  Pylon  
  54  4:22  Probe  
  55  4:28  Phoenix, Probe  
  58  4:34  Probe  
  58  4:37  Phoenix  
  59  4:39  Adept x2  
  59  4:41  Nexus  
  65  4:49  Pylon  
  65  4:56  Phoenix  
  65  4:57  Probe  
  65  4:58  Probe  
  66  5:06  Pylon  
  68  5:10  Adept, Shield Battery, Probe  
  68  5:12  Phoenix  
  73  5:15  Sentry  
  73  5:17  Probe  
  76  5:22  Phoenix  
  76  5:24  Probe  
  78  5:37  Sentry, Phoenix  
  78  5:38  Sentry  
  79  5:43  Gateway  
  79  5:44  Gateway  
  79  5:53  Probe x2  
  79  5:55  Phoenix  
  79  5:57  Pylon  
  79  6:03  Adept x2, Probe  
  84  6:14  Probe  
  84  6:15  Phoenix  
  85  6:23  Pylon  
  85  6:24  Pylon  
  79  6:26  Probe  
  79  6:27  Probe  
  79  6:28  Sentry x2, Forge  
  79  6:32  Twilight Council  
  85  6:33  Pylon  
  85  6:40  Pylon  
  85  6:44  Pylon  
  85  6:56  Adept x2  
  85  6:57  Adept x2  
  85  6:58  Probe  
  95  7:01  Probe  
  95  7:09  Nexus  
  95  7:11  Protoss Ground Weapons Level 1, Charge  
  94  7:24  Zealot x3  
  90  7:31  Probe x2  
  90  7:36  Templar Archives  
  86  7:47  Zealot x4  
  94  7:52  Probe x2  
  95  8:07  Gateway  
  95  8:09  Gateway, Psionic Storm  
  95  8:10  Nexus  
  94  8:18  Probe  
  95  8:22  High Templar x3  
  95  8:23  High Templar  
  103  8:27  Gateway  
  103  8:28  Probe  
  103  8:30  Gateway, Probe  
  105  8:34  Pylon  
  105  8:37  Pylon  
  105  8:40  Robotics Facility, Probe  
  106  8:42  Probe  
  107  8:52  Probe  
  107  8:54  Probe  
  109  8:55  Zealot  
  109  8:56  Zealot x3  
  109  9:01  Robotics Facility  
  117  9:03  Adept  
  117  9:04  Adept  
  117  9:05  Probe  
  117  9:06  Probe  
  121  9:15  Shield Battery  
  122  9:17  Shield Battery, Probe  
  122  9:19  Shield Battery  
  122  9:21  Shield Battery  
  122  9:23  Immortal  
  122  9:24  Assimilator x2, High Templar x2  
  122  9:28  Stalker  
  128  9:37  Zealot  
  134  9:42  Zealot  
  134  9:43  Warp Prism  
  134  9:46  Zealot x3  
  140  9:58  Zealot  
  130  10:17  Zealot x7  
  138  10:22  Immortal  
  138  10:24  Probe  
  120  10:32  Probe  
  105  10:38  Zealot x5  
  105  10:40  Zealot  
  103  10:44  Archon  
  103  10:45  Archon, Probe x3  
  99  11:05  High Templar x3  
  99  11:06  Probe x2  
  99  11:07  High Templar x3, Probe  
  108  11:11  Warp Prism  
  110  11:20  Archon x2  
  110  11:21  Archon  
  105  11:27  Zealot  
  97  11:38  Zealot  
  97  11:39  Zealot x3  
  96  11:49  Zealot x3  
  96  11:50  Probe x2  
  96  11:51  Probe  
  97  11:58  Probe x2  
  91  12:02  Immortal  
  91  12:04  High Templar x4  
  99  12:15  Immortal  
  103  12:16  High Templar x2  
  103  12:22  Zealot  
  111  12:31  High Templar  
  111  12:35  Photon Cannon  
  113  12:40  Zealot x4  
  121  12:49  Zealot x2  
  125  13:02  Zealot x4  
  131  13:07  Archon  
  131  13:08  Archon  
  131  13:10  Archon  
  117  13:17  High Templar  
  117  13:18  High Templar x2  
  119  13:23  Immortal  
  123  13:31  Nexus  
  123  13:35  High Templar x2  
  127  13:44  Probe x2  
  129  13:51  Sentry  
  129  13:52  Sentry x2  
  135  13:58  Zealot x2  
  133  14:11  Zealot x2  
  120  14:32  High Templar x2  
  120  14:33  High Templar x2, Zealot x3  
  120  14:35  Probe x2  
  120  14:36  Gateway, Warp Prism  
  130  14:40  Archon x2  
  120  14:52  Probe x2  
  118  14:54  Observer  
  118  14:56  Pylon  
  118  14:57  Pylon  
  118  15:01  Nexus  
  119  15:07  High Templar x3, Zealot  
  119  15:08  Zealot x3  
  119  15:13  Pylon  
  133  15:17  Forge  
  137  15:29  High Templar x2  
  137  15:30  Zealot  
  137  15:31  Pylon  
  137  15:35  Archon  
  137  15:37  Zealot x2  
  133  15:47  Probe  
  133  15:48  Probe x2  
  130  15:50  High Templar  
  130  15:51  High Templar x2  
  130  15:52  Immortal  
  130  15:55  Immortal  
  142  16:07  Photon Cannon  
  142  16:08  Shield Battery  
  140  16:14  Archon  
  140  16:18  Zealot x3  
  140  16:22  High Templar  
  140  16:23  High Templar  
  142  16:27  Probe x3  
  142  16:28  Probe  
  142  16:30  Assimilator  
  142  16:32  Assimilator  
  146  16:37  Zealot  
  146  16:39  Probe  
  149  16:41  Zealot  
  149  16:42  Zealot  
  133  17:03  Fleet Beacon  
  133  17:06  Immortal, High Templar x2  
  133  17:08  Zealot x6  
  139  17:14  Immortal  
  147  17:42  Observer  
  142  17:57  Oracle  
  134  18:00  Immortal  
  134  18:01  Zealot x2  
  134  18:03  High Templar x4, Zealot  
  134  18:04  Zealot  
  150  18:07  Immortal  
  150  18:08  Archon x2  
  157  18:34  Pylon  
  156  18:46  Nexus  
  126  18:53  High Templar x2  
Show
View Real Time Build Order
Export as new Build Order

LiquidTLO Zerg - Winner!

Build Orders: Hatch First, Roach Hydra 

Get SALT Encoding   

  12  0:00  Drone  
  13  0:12  Overlord  
  13  0:17  Drone  
  14  0:30  Drone x2  
  16  0:43  Drone  
  17  0:52  Hatchery  
  17  0:54  Drone  
  17  0:58  Drone  
  18  1:08  Extractor  
  17  1:13  Spawning Pool  
  17  1:16  Drone  
  17  1:19  Drone  
  18  1:28  Drone  
  19  1:39  Drone  
  20  1:49  Overlord  
  20  1:59  Queen  
  22  2:03  Queen  
  22  2:04  Zergling x4  
  26  2:08  Metabolic Boost  
  26  2:11  Drone  
  26  2:14  Drone  
  28  2:22  Drone  
  29  2:25  Drone  
  30  2:35  Drone  
  31  2:41  Hatchery  
  30  2:45  Queen  
  30  2:50  Overlord  
  32  2:52  Zergling x2  
  32  2:56  Drone  
  32  2:57  Drone  
  35  3:03  Drone  
  34  3:06  Drone  
  34  3:08  Drone  
  34  3:09  Drone  
  37  3:13  Zergling x2  
  37  3:15  Extractor  
  37  3:16  Zergling x2  
  37  3:18  Zergling x2  
  39  3:21  Drone  
  40  3:29  Drone  
  41  3:35  Spore Crawler  
  41  3:39  Drone, Spore Crawler, Overlord  
  40  3:41  Drone  
  40  3:45  Drone x2  
  40  3:47  Drone  
  44  3:51  Overlord  
  44  3:53  Queen  
  46  3:56  Drone  
  46  4:01  Drone  
  48  4:03  Drone x2, Spore Crawler  
  48  4:05  Drone  
  48  4:07  Drone  
  49  4:11  Drone  
  49  4:12  Drone  
  51  4:19  Drone, Baneling Nest  
  51  4:22  Overlord  
  51  4:24  Drone  
  51  4:26  Zergling x2  
  51  4:31  Zergling x2  
  54  4:35  Zergling x2  
  54  4:36  Overlord  
  54  4:37  Overlord, Zergling x2  
  56  4:43  Drone  
  56  4:44  Drone  
  57  4:46  Drone x3  
  57  4:48  Drone  
  57  4:50  Drone  
  62  4:53  Zergling x2  
  62  4:54  Zergling x4  
  62  4:55  Zergling x2  
  62  4:56  Zergling x2  
  62  4:57  Drone  
  68  5:00  Overlord  
  68  5:01  Zergling x4  
  68  5:05  Zergling x4  
  68  5:06  Zergling x2  
  73  5:07  Zergling x2  
  73  5:10  Zergling x2  
  73  5:11  Zergling x2  
  76  5:17  Zergling x2  
  76  5:21  Zergling x2  
  77  5:29  Drone x2  
  77  5:30  Baneling x2  
  77  5:31  Baneling x2, Drone  
  77  5:32  Drone x2, Zergling x2  
  81  5:35  Drone  
  81  5:37  Drone x2  
  81  5:38  Drone  
  81  5:40  Zergling x2  
  83  5:43  Lair  
  83  5:45  Drone  
  83  5:46  Hatchery, Drone  
  81  5:51  Zergling x2  
  81  5:53  Zergling x6  
  81  5:56  Queen x2  
  84  6:00  Spore Crawler  
  82  6:09  Spore Crawler  
  80  6:11  Evolution Chamber x2  
  80  6:12  Zergling x2  
  80  6:14  Zergling x2  
  80  6:16  Overlord  
  80  6:17  Zergling x2  
  78  6:18  Zergling x2  
  78  6:19  Zergling x2  
  78  6:20  Drone  
  78  6:21  Drone  
  78  6:22  Drone x3  
  78  6:24  Zergling x2  
  82  6:26  Drone  
  82  6:27  Drone x2  
  82  6:30  Zergling x2  
  82  6:31  Drone, Queen  
  89  6:35  Extractor x2  
  89  6:36  Spore Crawler  
  89  6:37  Extractor  
  89  6:39  Zerg Ground Armor Level 1  
  85  6:40  Zerg Missile Weapons Level 1  
  85  6:42  Drone  
  85  6:43  Drone  
  85  6:44  Drone  
  82  6:48  Hydralisk Den  
  82  6:49  Drone  
  82  6:50  Drone  
  82  6:52  Overlord  
  82  6:53  Drone  
  84  6:56  Drone x2  
  86  7:02  Roach Warren, Drone  
  86  7:05  Drone  
  86  7:06  Drone  
  86  7:07  Drone x2  
  88  7:08  Drone  
  88  7:09  Drone  
  88  7:12  Drone  
  88  7:14  Drone, Zergling x2  
  91  7:17  Drone  
  91  7:18  Drone x3  
  94  7:23  Overlord x2  
  94  7:28  Grooved Spines, Hydralisk, Overlord  
  94  7:31  Overlord  
  94  7:35  Hydralisk  
  91  7:37  Overlord  
  91  7:38  Hydralisk  
  91  7:41  Drone  
  90  7:45  Hydralisk  
  90  7:46  Hydralisk  
  90  7:50  Hydralisk x2  
  98  7:55  Roach  
  98  7:56  Roach  
  98  7:58  Glial Reconstitution  
  100  7:59  Roach  
  100  8:00  Roach  
  100  8:03  Overlord  
  100  8:04  Roach  
  106  8:10  Hydralisk x2  
  109  8:13  Hydralisk  
  109  8:14  Hydralisk  
  109  8:17  Zergling x4  
  109  8:18  Zergling x2  
  109  8:19  Overseer  
  108  8:20  Drone  
  108  8:21  Drone  
  110  8:28  Drone x3  
  110  8:29  Extractor  
  110  8:31  Roach x2  
  110  8:33  Roach  
  118  8:35  Roach  
  118  8:37  Zerg Missile Weapons Level 2  
  118  8:40  Muscular Augments  
  120  8:42  Roach x2  
  120  8:45  Hydralisk, Overlord  
  120  8:47  Roach  
  128  8:49  Roach  
  128  8:51  Roach  
  128  8:53  Overlord  
  131  8:56  Hydralisk x2  
  131  9:00  Roach  
  131  9:02  Drone  
  137  9:03  Drone x2  
  137  9:04  Zergling x2  
  137  9:06  Roach  
  141  9:10  Drone, Spore Crawler  
  141  9:12  Roach  
  141  9:14  Roach  
  141  9:16  Roach  
  146  9:18  Roach  
  146  9:20  Roach  
  146  9:22  Ravager  
  146  9:23  Hydralisk, Ravager x2  
  155  9:26  Roach  
  155  9:28  Roach  
  155  9:29  Roach  
  155  9:31  Roach  
  163  9:33  Overlord  
  163  9:34  Overlord  
  163  9:39  Hydralisk x2  
  167  9:48  Roach  
  167  9:52  Roach x2  
  170  9:54  Roach  
  172  10:00  Roach x3  
  172  10:01  Roach  
  172  10:02  Roach  
  172  10:03  Roach x2  
  172  10:04  Roach  
  172  10:05  Roach  
  172  10:07  Roach  
  180  10:08  Roach  
  180  10:12  Roach  
  180  10:13  Roach  
  171  10:14  Roach  
  171  10:17  Roach  
  171  10:19  Roach  
  171  10:21  Roach  
  159  10:23  Roach  
  159  10:25  Roach  
  145  10:29  Roach x2  
  145  10:31  Roach  
  145  10:33  Roach  
  124  10:36  Roach  
  124  10:39  Roach  
  124  10:41  Roach  
  119  10:44  Roach  
  119  10:46  Drone  
  119  10:47  Drone  
  119  10:49  Drone  
  107  10:50  Drone  
  107  10:52  Drone  
  107  10:53  Drone  
  107  10:55  Drone  
  111  10:58  Drone  
  111  11:00  Drone  
  111  11:02  Drone  
  111  11:03  Drone  
  113  11:05  Drone  
  113  11:06  Drone  
  113  11:09  Roach  
  115  11:12  Hydralisk  
  115  11:16  Hydralisk  
  115  11:17  Hydralisk  
  121  11:21  Hydralisk  
  121  11:22  Hydralisk  
  121  11:24  Hydralisk  
  127  11:26  Hydralisk  
  127  11:28  Hydralisk  
  127  11:31  Hydralisk  
  131  11:32  Hydralisk  
  131  11:36  Hydralisk  
  131  11:37  Hydralisk  
  125  11:40  Hydralisk  
  125  11:42  Roach  
  125  11:43  Roach x2  
  125  11:45  Roach  
  128  11:47  Roach  
  128  11:49  Roach  
  128  11:50  Drone  
  128  11:51  Drone  
  128  11:53  Roach  
  133  11:55  Roach  
  133  11:56  Roach  
  133  11:58  Roach  
  133  11:59  Roach  
  137  12:02  Overlord  
  137  12:03  Roach  
  137  12:05  Roach  
  137  12:06  Roach  
  143  12:09  Queen  
  143  12:12  Roach  
  143  12:14  Roach  
  151  12:15  Roach  
  151  12:17  Ravager x3  
  151  12:18  Ravager x2  
  151  12:21  Roach x2  
  160  12:24  Roach  
  160  12:26  Roach  
  164  12:30  Roach  
  164  12:31  Hydralisk  
  164  12:32  Roach  
  164  12:33  Roach  
  164  12:35  Hydralisk  
  174  12:37  Overlord  
  174  12:40  Roach  
  174  12:43  Overlord  
  176  12:44  Roach  
  176  12:45  Roach  
  176  12:50  Roach, Infestation Pit  
  181  12:53  Roach  
  181  12:56  Roach  
  181  12:57  Roach  
  183  13:00  Roach  
  183  13:04  Roach  
  183  13:05  Roach  
  178  13:07  Roach  
  178  13:11  Roach  
  146  13:13  Roach  
  146  13:15  Hydralisk  
  146  13:17  Hydralisk, Queen x2  
  140  13:21  Queen  
  140  13:22  Roach  
  140  13:26  Hydralisk, Extractor x2  
  140  13:27  Hydralisk  
  146  13:35  Hive, Hydralisk  
  146  13:39  Hydralisk  
  146  13:41  Roach  
  149  13:44  Roach  
  149  13:45  Drone  
  149  13:46  Drone x2  
  153  13:52  Hydralisk  
  153  13:56  Hydralisk x2  
  153  13:57  Hydralisk  
  153  14:01  Hydralisk  
  159  14:06  Hydralisk  
  159  14:09  Hydralisk  
  157  14:11  Hydralisk  
  157  14:16  Roach x2  
  149  14:21  Roach x3  
  149  14:22  Roach  
  151  14:25  Roach  
  151  14:29  Queen x2  
  151  14:30  Roach  
  151  14:31  Roach x3  
  151  14:35  Overlord  
  151  14:36  Roach  
  151  14:38  Roach  
  151  14:40  Roach  
  151  14:42  Roach  
  143  14:47  Roach  
  143  14:49  Roach  
  143  14:51  Roach, Queen x2  
  151  14:53  Roach  
  151  14:57  Hydralisk x2, Roach  
  151  14:59  Hatchery  
  158  15:00  Overseer  
  158  15:01  Ravager x3  
  158  15:03  Roach  
  158  15:05  Roach  
  158  15:06  Overseer  
  165  15:08  Roach  
  165  15:12  Overlord  
  167  15:20  Overlord  
  167  15:21  Viper  
  170  15:28  Overlord  
  168  15:36  Hydralisk  
  168  15:38  Hydralisk x2, Roach x2  
  168  15:39  Roach x2  
  178  15:44  Roach x2  
  178  15:45  Roach  
  178  15:48  Hydralisk  
  178  15:51  Lurker Den  
  178  15:52  Roach  
  178  15:55  Hydralisk x2  
  179  15:58  Overseer  
  179  16:00  Hydralisk  
  181  16:05  Overlord  
  181  16:16  Hydralisk x2, Overlord  
  181  16:17  Hydralisk  
  185  16:25  Roach x4  
  185  16:28  Roach  
  185  16:31  Roach  
  189  16:35  Roach x2  
  189  16:38  Roach x2  
  189  16:39  Roach  
  197  16:53  Overlord  
  195  16:59  Seismic Spines  
  195  17:06  Drone  
  190  17:24  Hatchery, Overlord  
  189  17:30  Spore Crawler  
  189  17:31  Spore Crawler  
  189  17:32  Lurker x11, Spine Crawler  
  189  17:33  Overlord  
  175  17:54  Hydralisk  
  175  17:55  Hydralisk x8  
  175  17:57  Hydralisk, Adaptive Talons  
  187  18:04  Hydralisk x2  
  191  18:11  Hydralisk x2  
  195  18:13  Hydralisk  
  197  18:20  Overlord  
  197  18:38  Roach, Overlord  
  197  18:39  Overlord  
  196  18:41  Roach  
  196  18:44  Roach  
Tags
 
Add a new tag
Caveats
  • Supply blocks, unpowered buildings, or Contaminate may cause inaccurate times.
  • Supply counts are checked every 10 seconds.